 Dungeon Crawl Stone Soup version 0.29-a0-359-g541a27f54d (webtiles) character file.

Game seed: 10192158674955121867

1513 Zeldest the Ruffian (level 8, -2/44 HPs)
             Began as a Vine Stalker Fighter on Apr 28, 2022.
             Succumbed to a hornet's poison
             ... on level 7 of the Dungeon.
             The game lasted 00:06:29 (2502 turns).

Zeldest the Ruffian (Vine Stalker Fighter)          Turns: 2502, Time: 00:06:29

Health: -2/44      AC: 11    Str: 20    XL:     8   Next: 83%
Magic:  3/9        EV:  9    Int:  8    God:
Gold:   334        SH:  5    Dex: 15    Spells: 7/7 levels left

rFire   + . .      SeeInvis .     - Unarmed
rCold   . . .      Faith    .   b - +0 buckler
rNeg    . . .      Spirit   +   a - +0 scale mail
rPois   .          Reflect  .   (no helmet)
rElec   .          Harm     .   n - +0 cloak
rCorr   .          Rampage  .   (no gloves)
Will    +....                   q - +2 pair of boots
Stlth   ..........              d - amulet of regeneration
HPRegen 1.74/turn               g - ring of protection from fire
MPRegen 0.11/turn               (no ring)

@: mighty, lethally poisoned (-2 -> -6), slowed, very slow
A: fangs 3, regeneration 1, magic shield, antimagic bite, no potion heal 2
a: no special abilities


You were on level 7 of the Dungeon.
You visited 1 branch of the dungeon, and saw 7 of its levels.

You collected 334 gold pieces.

Inventory:

Armour
 a - a +0 scale mail (worn)
 b - a +0 buckler (worn)
 n - a +0 cloak (worn)
 q - a +2 pair of boots (worn)
Jewellery
 d - an amulet of regeneration (around neck)
 g - a ring of protection from fire (left hand)
Scrolls
 e - 8 scrolls of identify {unknown}
 j - 2 scrolls of teleportation {unknown}
 k - a scroll of immolation {unknown}
 l - 3 scrolls of enchant weapon {unknown}
 o - 2 scrolls of vulnerability {unknown}
 p - a scroll of fear {unknown}
 r - 2 scrolls of blinking {unknown}
 t - a scroll of fog {unknown}
 u - a scroll of brand weapon {unknown}
Potions
 c - 2 potions of might
 f - a potion of haste {unknown}
 h - 2 potions of heal wounds {unknown}
 i - 2 potions of curing {unknown}
 m - a potion of berserk rage {unknown}
 s - a potion of ambrosia {unknown}
 v - a potion of mutation {unknown}


   Skills:
 + Level 5.5 Fighting
 + Level 5.0 Armour
 - Level 2.6 Shields
 * Level 7.9 Unarmed Combat


You had 7 spell levels left.
You didn't know any spells.
Your spell library contained the following spells:

 Spells                   Type           Power      Damage    Failure   Level
 Shock                    Conj/Air       0%         1d3       83%         1
 Confusing Touch          Hex            0%         N/A       99%         3
 Ozocubu's Armour         Ice            0%         N/A       99%         3
 Swiftness                Air            0%         N/A       99%         3
 Airstrike                Air            0%         N/A       100%        4
 Yara's Violent Unravell  Hex/Tmut       0%         3d3       100%        5
 Enfeeble                 Hex            0%         N/A       100%        7
 Ozocubu's Refrigeration  Ice            0%         4d5       100%        7


Dungeon Overview and Level Annotations

Branches:
Dungeon (7/15)
 Temple: D:4-7

Altars:
Qazlal


Innate Abilities, Weirdness & Mutations

You have razor-sharp teeth.
Your natural rate of healing is unusually fast.
When hurt, damage is shared between your health and your magic reserves.
Your bite disrupts and absorbs the magic of your enemies.
Potions cannot restore your health.


Message History

You closely miss the hornet. Your bite misses the hornet.
The hornet is lightly wounded.
You feel very sick. The hornet barely misses you.
The hornet stings you but does no damage.
You punch the hornet!
The hornet is moderately wounded.
You feel yourself speed up.
You feel sick. The hornet stings you.
You feel yourself slow down. The hornet closely misses you.
You closely miss the hornet. You bite the hornet. You drain its power.
The hornet is moderately wounded.
You feel sick.
The hornet stings you but does no damage. x2
You hit the hornet but do no damage. You bite the hornet. You drain its power.
The hornet is moderately wounded.
You feel sick. The hornet stings you.
You are more poisoned.
You feel as though you will be slow longer.
The hornet stings you!
You suddenly lose the ability to move!
You feel very sick. The hornet stings you!
* * * LOW HITPOINT WARNING * * *
You feel as though you will be slow longer.
The hornet stings you.
* * * LOW HITPOINT WARNING * * *
You are lethally poisoned!
You feel as though you will be slow longer.
You can move again.
Unknown command.
You aren't carrying any items that you can evoke.
Okay, then.
You feel very mighty all of a sudden.
* * * LOW HITPOINT WARNING * * *
You feel extremely sick. The hornet barely misses you.
The hornet stings you but does no damage.
You closely miss the hornet. Your bite misses the hornet.
The hornet is moderately wounded.
You die...

.# ### #.## . [# #.##.#
. #.##.##.
#......#####..
#########..# #........
......y@...# #)#
########...###)######.##
.............).........
########...####.######
##### #.# #.# #.# #.#
#.#


You could see a hornet.

Vanquished Creatures
  3 yaks (D:6)
  A sky beast (D:5)
  A centaur (D:5)
  4 scorpions
  A howler monkey (D:6)
  A centaur zombie (D:4)
  A bullfrog zombie (D:4)
  3 hounds (D:4)
  A jelly (D:6)
  3 orc priests (D:7)
  A bullfrog skeleton (D:4)
  A scorpion zombie (D:4)
  2 orc wizards (D:4)
  2 hound zombies (D:4)
  A hound skeleton (D:4)
  6 gnolls
  2 howler monkey zombies (D:4)
  5 adders
  A shadow imp (D:7)
  A white imp (D:5)
  5 adder zombies (D:4)
  A worm (D:4)
  12 orcs
  5 ball pythons
  6 bats
  5 endoplasms
  2 giant cockroaches
  4 hobgoblins
  8 jackals (D:1)
  4 quokkas
  2 frilled lizards (D:2)
  3 goblins
  5 kobolds
  8 rats
111 creatures vanquished.

Vanquished Creatures (others)
  A giant cockroach (D:1)
  A withered plant (D:4)
2 creatures vanquished.

Grand Total: 113 creatures vanquished

Notes
Turn   | Place    | Note
-------+----------+-------------------------------------------
     0 | D:1      | Zeldest the Vine Stalker Fighter began the quest for the
                  | Orb.
     0 | D:1      | Reached XP level 1. HP: 11/11 MP: 2/2
   102 | D:1      | Reached XP level 2. HP: 14/16 MP: 3/3
   307 | D:1      | Found a faded altar of an unknown god.
   360 | D:1      | Reached XP level 3. HP: 18/20 MP: 4/4
   718 | D:2      | Reached skill level 3 in Unarmed Combat
   878 | D:2      | Gained mutation: Your natural rate of healing is unusually
                  | fast. [Vine Stalker growth]
   878 | D:2      | Reached XP level 4. HP: 24/24 MP: 5/5
  1257 | D:4      | Reached XP level 5. HP: 28/28 MP: 6/6
  1282 | D:4      | Reached skill level 4 in Unarmed Combat
  1371 | D:4      | Reached XP level 6. HP: 33/33 MP: 7/7
  1443 | D:4      | Reached skill level 5 in Unarmed Combat
  1608 | D:4      | Reached XP level 7. HP: 37/37 MP: 8/8
  1655 | D:5      | Entered Level 5 of the Dungeon
  1745 | D:5      | Reached skill level 6 in Unarmed Combat
  2093 | D:6      | Gained mutation: You have razor-sharp teeth. [Vine Stalker
                  | growth]
  2093 | D:6      | Reached XP level 8. HP: 42/42 MP: 9/9
  2138 | D:6      | Noticed a yak
  2139 | D:6      | Noticed a yak
  2156 | D:6      | Noticed a yak
  2166 | D:6      | Killed a yak
  2167 | D:6      | Reached skill level 5 in Fighting
  2167 | D:6      | Reached skill level 7 in Unarmed Combat
  2176 | D:6      | Killed a yak
  2186 | D:6      | Killed a yak
  2218 | D:6      | Found a stormy altar of Qazlal.
  2404 | D:7      | Reached skill level 5 in Armour
  2491 | D:7      | Noticed a hornet
  2499 | D:7      | Paralysed by a hornet for 2 turns
  2501 | D:7      | HP: 1/44 [poisoned by a hornet]
  2502 | D:7      | Succumbed to a hornet's poison

Illustrated notes

Levels and vault maps discovered:
D:1:      lightli_arrival_flooded_house, layout_basic,
          nicolae_ecumenical_lake_church, corner_web_ring, lemuel_flame_loot_1
D:2:      layout_rooms
D:3:      layout_loops_ring, minivault_4
D:4:      layout_loops_cross, serial_undead, serial_undead_b, serial_undead_a,
          serial_undead_d, serial_undead_d, serial_undead_a, serial_undead_e,
          serial_undead_d
D:5:      layout_basic, serial_shops, shop, dreamdust_wishing_well
D:6:      layout_layer_cave, mainiacjoe_overflow_small_starburst,
          minmay_temple_entry_fiery
D:7:      layout_loops_ring, nemelex_dance_club_becter

Skill      XL: |  1  2  3  4  5  6  7  8 |
---------------+-------------------------+-----
Fighting       | 3 4 5 |  5.5
Unarmed Combat | 3 4 5 6 7 |  7.9
Armour         | 3 4 5 |  5.0
Shields        | |  2.6

Action                   |  1- 3 |  4- 6 |  7- 9 || total
-------------------------+-------+-------+-------++-------
Melee: Unarmed           |   108 |   197 |   162 ||   467
       Bite              |    28 |    73 |    50 ||   151
  Use: Potion            |       |       |     1 ||     1
Armor: Scale mail        |    63 |    85 |    59 ||   207
Dodge: Dodged            |    47 |    70 |    53 ||   170
Block: Buckler           |    14 |    38 |    29 ||    81

Table legend: (Time is in decaauts)
 A = Elapsed time spent in this place.
 B = Non-inter-level travel time spent in this place.
 C = Inter-level travel time spent in this place.
 D = Time resting spent in this place.
 E = Time spent auto-exploring this place.
 F = Levels seen in this place.
 G = Mean time per level.
                   A        B        C        D        E       F      G
               +--------+--------+--------+--------+--------+-----+--------+
         Total |   2485 |   2346 |    139 |      0 |    758 |   7 |  355.0 |
       Dungeon |   2485 |   2346 |    139 |      0 |    758 |   7 |  355.0 |
               +--------+--------+--------+--------+--------+-----+--------+

Top non-repeatable levels by time:
     D:1: 643 daAuts
     D:6: 515 daAuts
     D:4: 438 daAuts
     D:2: 415 daAuts
     D:5: 181 daAuts
     D:3: 149 daAuts
     D:7: 141 daAuts
